 Dungeon Crawl Stone Soup version 0.26.1-2-gb8aa6d0cf2 (webtiles) character file.

Game seed: 14944459755527716058

2869 nightchill the Cleaver (level 9, -12/83 HPs)
             Began as a Ghoul Fighter on Mar 15, 2021.
             Was an Initiate of Gozag.
             Mangled by a manticore (17 damage)
             ... on level 9 of the Dungeon.
             The game lasted 00:17:28 (11080 turns).

nightchill the Cleaver (Ghoul Fighter)             Turns: 11080, Time: 00:17:29

Health: -12/83     AC:  8    Str: 32    XL:     9   Next: 76%
Magic:  17/17      EV: 11    Int:  1    God:    Gozag
Gold:   411        SH: 10    Dex:  8    Spells: 8/8 levels left

rFire    x . .     SeeInvis .   f - +5 hand axe "Qipouca" {flame, rF- rC+++ Str+10 Int-3}
rCold    + + +     Faith    .   c - +0 kite shield
rNeg     + + +     Spirit   .   b - +0 scale mail
rPois    ∞         Reflect  .   t - +0 helmet
rElec    .         Harm     .   (no cloak)
rCorr    .         Rampage  .   (no gloves)
Will     .....                  e - +0 pair of boots
Stlth    ..........             (no amulet)
HPRegen  0.00/turn              n - ring of magical power
MPRegen  0.15/turn              y - +4 ring of evasion

@: barbed spikes
A: claws 1, cold resistance 1, negative energy resistance 3, inhibited
regeneration, torment resistance, unbreathing
a: Renounce Religion, Potion Petition, Call Merchant, Bribe Branch


You were on level 9 of the Dungeon.
You worshipped Gozag.
Gozag was aware of your devotion.
You visited 2 branches of the dungeon, and saw 10 of its levels.

You collected 761 gold pieces.
You paid 350 gold pieces to Gozag.

Inventory:

Hand Weapons
 a - a +0 war axe
 f - the +5 hand axe "Qipouca" (weapon) {flame, rF- rC+++ Str+10 Int-3}
   (You found it on level 5 of the Dungeon)

   It has been specially enchanted to burn those struck by it, causing extra
   injury to most foes and up to half again as much damage against particularly
   susceptible opponents.
   Big, fiery blades are also staple armaments of hydra-hunters.
   It affects your strength (+10).
   It affects your intelligence (-3).
   It makes you vulnerable to fire.
   It renders you almost immune to cold.
Missiles
 l - 22 poisoned darts (quivered)
 B - 8 datura-tipped darts
 D - a throwing net
Armour
 b - a +0 scale mail (worn)
 c - a +0 kite shield (worn)
 e - a +0 pair of boots (worn)
 t - a +0 helmet (worn)
Jewellery
 n - a ring of magical power (left claw)
 y - a +4 ring of evasion (right claw)
Wands
 d - a wand of disintegration (9)
 C - a wand of polymorph (7)
Scrolls
 i - a scroll of remove curse
 j - 2 scrolls of fear {unknown}
 k - 3 scrolls of fog {unknown}
 m - 2 scrolls of magic mapping {unknown}
 p - 6 scrolls of teleportation {unknown}
 r - 2 scrolls of blinking {unknown}
 u - 2 scrolls of enchant armour {unknown}
 x - 2 scrolls of enchant weapon {unknown}
 A - a scroll of random uselessness {unknown}
 F - a scroll of identify
Potions
 g - 3 potions of mutation
 o - a potion of brilliance {unknown}
 q - 2 potions of curing
 s - 2 potions of resistance
 v - 3 potions of degeneration
 w - 2 potions of magic
 z - 3 potions of haste
 E - a potion of might


   Skills:
 + Level 9.0 Fighting
 * Level 10.0 Axes
 - Level 2.6 Armour
 - Level 2.6 Shields


You had 8 spell levels left.
You didn't know any spells.
Your spell library was empty.

Dungeon Overview and Level Annotations

Branches:
Dungeon (9/15)             Temple (1/1) D:6            Lair (0/6) D:8
    Orc: D:9-12

Altars:
Dithmenos
Elyvilon
Fedhas
Gozag
Hepliaklqana
Kikubaaqudgha
Makhleb
Nemelex Xobeh
Okawaru
Uskayaw
Vehumet
Xom
Yredelemnul
Zin
The Shining One

Annotations:
D:5 exclusion: 2 downstairs
D:6 exclusion: downstairs
D:8 Maurice


Innate Abilities, Weirdness & Mutations

You thrive by killing the living.
You are immune to poison.
You have sharp fingernails.
Your flesh is cold resistant. (rC+)
You are immune to negative energy. (rN+++)
You do not regenerate when monsters are visible.
You are immune to unholy pain and torment.
You can survive without breathing.


Message History

You feel much better. The yak gores you!
* * * LOW HITPOINT WARNING * * *
You block the manticore's attack.
The manticore claws you but does no damage.
The manticore closely misses you.
The barbed spikes dig painfully into your body as you move.
* * * LOW HITPOINT WARNING * * *
The manticore bites you but does no damage.
The manticore barely misses you. The manticore claws you!
* * * LOW HITPOINT WARNING * * *
Okay, then.
Okay, then.
You are too injured to fight recklessly!
You are too injured to fight recklessly!
You are too injured to fight recklessly!
You are too injured to fight recklessly!
You hit the manticore but do no damage. You hit the yak. You burn the yak.
The yak barely misses you. The manticore bites you!
You die...
Your body crumbles into a pile of gold.

# ##.
...############.
.......<........
................
................
............z...
.......@H.z.....
.......Y<.z.....
........zz......
................
................
...##########.##
... # ..


You could see a manticore, a yak and 5 wights.

Vanquished Creatures
  Prince Ribbit (D:7)
  Eustachio (D:4)
  A black bear (D:7)
  2 orc warriors
  2 sky beasts
  An ogre (D:5)
  2 centaurs
  4 bullfrogs
  Blork the orc (D:4)
  A gnoll sergeant (D:8)
  A water moccasin zombie (D:5)
  5 scorpions
  5 wights
  A jelly (D:6)
  3 centaur skeletons
  5 orc wizards
  A bullfrog skeleton (D:7)
  2 orc priests
  2 hounds
  2 iguanas
  Ijyb (D:4)
  2 worker ants (D:6)
  2 hound skeletons
  2 howler monkey zombies
  A worker ant zombie (D:5)
  Robin (D:4)
  6 gnolls
  12 adders
  2 shadow imps
  4 white imps
  An ufetubus (D:5)
  6 worms
  A dart slug (D:3)
  2 leopard geckos (D:1)
  15 orcs
  4 bats
  6 giant cockroaches
  18 goblins
  7 hobgoblins
  4 jackals (D:8)
  11 kobolds
  3 ball pythons
  6 frilled lizards
  A giant cockroach zombie (D:6)
  A quokka zombie (D:7)
  8 rats
  A spectral orc (D:8)
171 creatures vanquished.

Vanquished Creatures (others)
  18 plants
18 creatures vanquished.

Grand Total: 189 creatures vanquished

Notes
Turn   | Place    | Note
-------+----------+-------------------------------------------
     0 | D:1      | nightchill the Ghoul Fighter began the quest for the Orb.
     0 | D:1      | Reached XP level 1. HP: 19/19 MP: 0/0
   171 | D:1      | Reached skill level 2 in Axes
   246 | D:1      | Reached XP level 2. HP: 7/26 MP: 1/1
  1090 | D:1      | Reached XP level 3. HP: 32/33 MP: 2/2
  1363 | D:2      | Reached skill level 3 in Axes
  1757 | D:2      | Reached XP level 4. HP: 35/40 MP: 3/3
  2099 | D:2      | Found a burning altar of Makhleb.
  2384 | D:3      | Found a hide-covered altar of Uskayaw.
  2491 | D:3      | Found a sparkling altar of Nemelex Xobeh.
  2969 | D:3      | Reached XP level 5. HP: 45/47 MP: 4/4
  3112 | D:3      | Reached skill level 4 in Axes
  3232 | D:4      | Noticed Eustachio
  3249 | D:4      | Killed Eustachio
  3250 | D:4      | Reached skill level 5 in Fighting
  3250 | D:4      | Reached XP level 6. HP: 21/56 MP: 5/5
  3667 | D:4      | Noticed Blork the orc
  3671 | D:4      | Killed Blork the orc
  3672 | D:4      | Reached skill level 5 in Axes
  3701 | D:4      | Noticed Robin
  3722 | D:4      | Killed Robin
  4263 | D:4      | Noticed Ijyb
  4278 | D:4      | Killed Ijyb
  5162 | D:5      | Entered Level 5 of the Dungeon
  5222 | D:5      | Reached XP level 7. HP: 48/61 MP: 6/6
  5471 | D:5      | Found a blossoming altar of Fedhas.
  5471 | D:5      | Found a radiant altar of Vehumet.
  5770 | D:5      | Reached skill level 6 in Axes
  6186 | D:5      | Identified the +5 hand axe "Qipouca" {flame, rF- rC+++
                  | Str+10 Int-3} (You found it on level 5 of the Dungeon)
  6454 | D:5      | Reached XP level 8. HP: 37/71 MP: 7/7
  7158 | D:5      | Reached skill level 7 in Axes
  8059 | D:6      | Found a staircase to the Ecumenical Temple.
  8116 | Temple   | Entered the Ecumenical Temple
  8166 | Temple   | Became a worshipper of Gozag Ym Sagoz the Greedy
  8616 | Temple   | Reached skill level 8 in Axes
  9044 | D:6      | Found a sparkling altar of Nemelex Xobeh.
  9046 | D:6      | Found a shimmering altar of Xom.
  9046 | D:6      | Found a shadowy altar of Dithmenos.
  9154 | D:6      | Found a blossoming altar of Fedhas.
  9154 | D:6      | Found a shadowy altar of Dithmenos.
  9154 | D:6      | Found a shimmering altar of Xom.
  9202 | D:6      | Reached XP level 9. HP: 80/80 MP: 8/8
  9496 | D:7      | Noticed Prince Ribbit
  9524 | D:7      | Killed Prince Ribbit
  9525 | D:7      | Reached skill level 9 in Axes
 10586 | D:8      | Found a basalt altar of Yredelemnul.
 10913 | D:8      | Reached skill level 10 in Axes
 11059 | D:8      | Noticed a manticore
 11062 | D:8      | Found a staircase to the Lair.
 11063 | D:8      | Noticed an elephant
 11069 | D:8      | Noticed Maurice
 11080 | D:9      | Mangled by a manticore

Illustrated notes

Levels and vault maps discovered:
D:1:      lemuel_arrival_room, layout_basic, lexackson_kobold_supper
D:2:      layout_loops_corners, lightli_temple_of_fire
D:3:      layout_loops_ring, eat_drink_and_be_merry_uskayaw,
          nemelex_xobeh_ov_fountains_minmay, chequers_serial_rivers_micro_b,
          serial_bayou_pond_a
D:4:      layout_basic, uniq_robin, uniq_ijyb, uniq_blork_the_orc,
          uniq_eustachio
D:5:      kb_forest_paths, layout_basic, gammafunk_temple_overflow_wave,
          minmay_crystal_water, wad_rectangle_vault
D:6:      layout_loops_ring, doesnt_xom_only_xom,
          minmay_temple_entry_mini_moons, st_stairs_12, minmay_fractal_squares_5
D:7:      layout_loops_ring, uniq_prince_ribbit1
D:8:      layout_basic, yredelemnul_forgotten_temple_becter, david_lair_generic,
          corexii_checkpoint_a, uniq_maurice
D:9:      layout_long_grid, gammafunk_ghost_cemetery
Temple:   bh_familiar_temple

Skill      XL: |  1  2  3  4  5  6  7  8  9 |
---------------+----------------------------+-----
Axes           | 2 3 4 5 6 8 10 | 10.0
Fighting       | 4 5 6 7 9 |  9.0
Armour         | |  2.6
Shields        | |  2.6

Action                   |  1- 3 |  4- 6 |  7- 9 || total
-------------------------+-------+-------+-------++-------
Melee: War axe           |   140 |   197 |   286 ||   623
       Hand axe          |       |       |   112 ||   112
Invok: Potion Petition   |       |       |     1 ||     1
  Use: Potion            |       |     2 |     3 ||     5
       Scroll            |       |       |    10 ||    10
 Stab: Distracted        |       |       |     1 ||     1
Armor: Scale mail        |    54 |    86 |    92 ||   232
Dodge: Dodged            |    47 |    58 |   160 ||   265
Block: Kite shield       |    77 |    88 |   173 ||   338
